[ AOE2 MATCH · #498099114 ]
UnrankedBurmese vs Lithuanians
[ REPLAY ANALYSIS · EXTRACTED FROM THE RECORDED GAME ]
Feudal
—
Castle
—
Imperial
—
| APM avg | 41.1 |
| APM peak | 65 |
| eAPM avg | 22.7 |
| Villagers / military | 0 / 360 |
Focus
⚔️ 97.1% · 🌾 2.9%
Knight ×360
Feudal
—
Castle
—
Imperial
—
| APM avg | 50.3 |
| APM peak | 88 |
| eAPM avg | 20.5 |
| Villagers / military | 0 / 0 |
Focus
⚔️ 100.0% · 🌾 0.0%
Feudal
—
Castle
—
Imperial
—
| APM avg | 53.3 |
| APM peak | 79 |
| eAPM avg | 31.1 |
| Villagers / military | 0 / 351 |
Focus
⚔️ 98.5% · 🌾 1.5%
Camel Scout ×351
Feudal
—
Castle
—
Imperial
—
| APM avg | 40.5 |
| APM peak | 75 |
| eAPM avg | 27.7 |
| Villagers / military | 0 / 752 |
Focus
⚔️ 97.4% · 🌾 2.6%
Bolas Rider ×722 · Battering Ram ×30
Feudal
—
Castle
—
Imperial
—
| APM avg | 102.9 |
| APM peak | 152 |
| eAPM avg | 72.6 |
| Villagers / military | 0 / 0 |
Focus
⚔️ 99.9% · 🌾 0.1%
Feudal
—
Castle
—
Imperial
—
| APM avg | 37.5 |
| APM peak | 73 |
| eAPM avg | 20.4 |
| Villagers / military | 0 / 268 |
Focus
⚔️ 97.7% · 🌾 2.3%
Fire Lancer ×149 · Cavalry Archer ×119
Feudal
—
Castle
—
Imperial
—
| APM avg | 49.8 |
| APM peak | 101 |
| eAPM avg | 41.1 |
| Villagers / military | 0 / 250 |
Focus
⚔️ 98.5% · 🌾 1.5%
Cavalry Archer ×235 · Knight ×15
Feudal
—
Castle
—
Imperial
—
| APM avg | 68.6 |
| APM peak | 93 |
| eAPM avg | 35.9 |
| Villagers / military | 0 / 0 |
Focus
⚔️ 96.1% · 🌾 3.9%
Unknown (1944) ×95
Match map
Initial resources + every placement click. Lines = walls · curves = elevation contours. ◆ gold · ⬟ stone · ● berries · ✦ relic · ◌ wall gap
Your base· Open — 5t gap
Eddy's base· ✓ Map-separated
[3xT]®NAVI's base· Open
[0sV]Holmes_'s base· Open — 1t gap
[xCs]Bek's base· ✓ Closed at 12:00 · 0t walls · 3 gate(s)
Al3tas0's base· Open — 4t gap
[3xT]Cas_'s base· Open — 5t gap
veni's base· Open — 2t gap
Smoothed initial terrain · ◌ = detected wall gap · hover for details
Inputs per minute
— [0sV]Wents - - Eddy
Build order — [0sV]Wents
108 actions detected in the replay
| 5:03 | Build | Stable |
| 5:23 | Build | Stable |
| 6:07 | Build | Stone Wall |
| 6:25 | Build | Stable |
| 6:26 | Build | Stable |
| 7:02 | Research | Bloodlines |
| 8:16 | Build | Stable |
| 8:25 | Build | Stable |
| 8:55 | Build | Stable |
| 8:57 | Build | Stable |
| 8:58 | Build | Stable |
| 9:02 | Build | Stable |
| 9:04 | Build | Stable |
| 9:06 | Build | Stable |
| 10:48 | Build | Stable |
| 10:49 | Build | Stable |
| 10:50 | Build | Stable |
| 10:52 | Build | Stable |
| 14:49 | Build | Stable |
| 15:24 | Research | Husbandry |
| 15:25 | Create | Knight ×5 |
| 15:25 | Create | Knight ×5 |
| 15:25 | Create | Knight ×5 |
| 15:26 | Create | Knight ×5 |
| 15:26 | Create | Knight ×5 |
| 15:26 | Create | Knight ×5 |
| 15:27 | Create | Knight ×5 |
| 15:27 | Create | Knight ×5 |
| 15:27 | Create | Knight ×5 |
| 15:27 | Create | Knight ×5 |
| 15:28 | Create | Knight ×5 |
| 15:28 | Create | Knight ×5 |
| 15:28 | Create | Knight ×5 |
| 15:28 | Create | Knight ×5 |
| 15:29 | Create | Knight ×5 |
| 15:29 | Create | Knight ×5 |
| 15:29 | Create | Knight ×5 |
| 15:29 | Create | Knight ×5 |
| 15:30 | Create | Knight ×5 |
| 15:33 | Research | Bodkin Arrow |
| 15:34 | Research | Iron Casting |
| 15:34 | Research | Chain Barding Armor |
| 15:36 | Research | Chain Mail Armor |
| 15:38 | Research | Ballistics |
| 15:39 | Research | Treadmill Crane |
| 15:39 | Research | Guard Tower (upgrade) |
| 15:42 | Research | Manipur Cavalry |
| 16:02 | Create | Knight ×5 |
| 16:02 | Create | Knight ×5 |
| 16:02 | Create | Knight ×5 |
| 16:03 | Create | Knight ×5 |
| 16:03 | Create | Knight ×5 |
| 16:03 | Create | Knight ×5 |
| 16:03 | Create | Knight ×5 |
| 16:16 | Build | Watch Tower |
| 16:40 | Build | Stable |
| 16:43 | Build | Stable |
| 16:45 | Build | Stable |
| 16:47 | Build | Stable |
| 16:48 | Build | Stable |
| 16:51 | Build | Stable |
| 17:09 | Create | Knight ×5 |
| 17:09 | Create | Knight ×5 |
| 17:10 | Create | Knight ×5 |
| 17:10 | Create | Knight ×5 |
| 17:10 | Create | Knight ×5 |
| 17:28 | Build | Stable |
| 17:57 | Create | Knight ×5 |
| 17:57 | Create | Knight ×5 |
| 17:58 | Create | Knight ×5 |
| 17:58 | Create | Knight ×5 |
| 17:58 | Create | Knight ×5 |
| 17:58 | Create | Knight ×5 |
| 17:59 | Create | Knight ×5 |
| 17:59 | Create | Knight ×5 |
| 17:59 | Create | Knight ×5 |
| 17:59 | Create | Knight ×5 |
| 18:00 | Create | Knight ×5 |
| 18:00 | Create | Knight ×5 |
| 18:00 | Create | Knight ×5 |
| 18:00 | Create | Knight ×5 |
| 18:20 | Create | Knight ×5 |
| 18:20 | Create | Knight ×5 |
| 18:21 | Create | Knight ×5 |
| 18:21 | Create | Knight ×5 |
| 18:21 | Create | Knight ×5 |
| 18:21 | Create | Knight ×5 |
| 18:22 | Create | Knight ×5 |
| 18:22 | Create | Knight ×5 |
| 18:22 | Create | Knight ×5 |
| 18:22 | Create | Knight ×5 |
| 18:23 | Create | Knight ×5 |
| 18:52 | Create | Knight ×5 |
| 18:52 | Create | Knight ×5 |
| 18:52 | Create | Knight ×5 |
| 18:52 | Create | Knight ×5 |
| 18:53 | Create | Knight ×5 |
| 18:53 | Create | Knight ×5 |
| 18:53 | Create | Knight ×5 |
| 19:17 | Create | Knight ×5 |
| 19:17 | Create | Knight ×5 |
| 19:18 | Create | Knight ×5 |
| 19:18 | Create | Knight ×5 |
| 19:18 | Create | Knight ×5 |
| 19:19 | Create | Knight ×5 |
| 19:19 | Create | Knight ×5 |
| 19:19 | Create | Knight ×5 |
| 19:19 | Create | Knight ×5 |
Build order — Eddy
0 actions detected in the replay
Build order — [3xT]®NAVI
109 actions detected in the replay
| 3:56 | Build | Stable |
| 3:57 | Build | Stable |
| 3:58 | Build | Stable |
| 5:13 | Build | Stable |
| 5:15 | Build | Stable |
| 5:17 | Build | Stable |
| 5:18 | Build | Stable |
| 5:20 | Build | Stable |
| 6:55 | Build | Stone Wall |
| 7:31 | Research | Bloodlines |
| 7:34 | Build | Stable |
| 7:35 | Build | Stable |
| 7:36 | Build | Stable |
| 7:37 | Build | Stable |
| 7:38 | Build | Stable |
| 7:44 | Build | Stone Wall |
| 8:56 | Build | Stone Wall |
| 8:57 | Build | Stone Wall |
| 8:58 | Build | Stone Wall |
| 8:59 | Build | Stone Wall |
| 9:01 | Build | Stone Wall |
| 11:41 | Build | Stable |
| 11:42 | Build | Stable |
| 11:44 | Build | Stable |
| 11:45 | Build | Stable |
| 11:48 | Build | Stable |
| 14:15 | Research | Chain Barding Armor |
| 14:17 | Research | Iron Casting |
| 14:19 | Create | Camel Scout ×5 |
| 14:19 | Create | Camel Scout ×5 |
| 14:19 | Create | Camel Scout ×5 |
| 14:19 | Create | Camel Scout ×5 |
| 14:20 | Create | Camel Scout ×5 |
| 14:20 | Create | Camel Scout ×5 |
| 14:20 | Create | Camel Scout ×5 |
| 14:20 | Create | Camel Scout ×5 |
| 14:20 | Create | Camel Scout ×5 |
| 14:21 | Create | Camel Scout ×5 |
| 14:21 | Create | Camel Scout ×5 |
| 14:21 | Create | Camel Scout ×5 |
| 14:21 | Create | Camel Scout ×5 |
| 14:22 | Create | Camel Scout ×5 |
| 14:22 | Create | Camel Scout ×5 |
| 14:22 | Create | Camel Scout ×5 |
| 14:22 | Create | Camel Scout ×5 |
| 14:22 | Create | Camel Scout ×5 |
| 14:23 | Create | Camel Scout ×5 |
| 14:23 | Create | Camel Scout ×5 |
| 14:23 | Create | Camel Scout ×5 |
| 14:23 | Create | Camel Scout ×5 |
| 14:24 | Create | Camel Scout ×5 |
| 14:24 | Create | Camel Scout ×5 |
| 14:24 | Create | Camel Scout ×5 |
| 14:24 | Create | Camel Scout ×5 |
| 14:25 | Create | Camel Scout ×5 |
| 14:25 | Create | Camel Scout ×5 |
| 14:25 | Create | Camel Scout ×5 |
| 14:25 | Create | Camel Scout ×5 |
| 15:02 | Research | Husbandry |
| 15:10 | Build | Stable |
| 15:12 | Build | Stable |
| 15:13 | Build | Stable |
| 15:15 | Build | Stable |
| 15:18 | Build | Watch Tower |
| 16:14 | Create | Camel Scout ×5 |
| 16:15 | Create | Camel Scout ×5 |
| 16:15 | Create | Camel Scout ×5 |
| 16:15 | Create | Camel Scout ×5 |
| 16:16 | Create | Camel Scout ×5 |
| 16:16 | Create | Camel Scout ×5 |
| 16:16 | Create | Camel Scout ×5 |
| 16:16 | Create | Camel Scout ×5 |
| 16:16 | Create | Camel Scout ×5 |
| 16:38 | Create | Camel Scout ×5 |
| 16:38 | Create | Camel Scout ×5 |
| 16:38 | Create | Camel Scout ×5 |
| 16:39 | Create | Camel Scout ×5 |
| 16:39 | Create | Camel Scout ×5 |
| 16:39 | Create | Camel Scout ×5 |
| 16:39 | Create | Camel Scout ×5 |
| 16:39 | Create | Camel Scout ×5 |
| 16:40 | Create | Camel Scout ×5 |
| 16:40 | Create | Camel Scout ×5 |
| 16:40 | Create | Camel Scout ×5 |
| 16:40 | Create | Camel Scout ×5 |
| 16:41 | Create | Camel Scout ×5 |
| 16:41 | Create | Camel Scout ×5 |
| 16:41 | Create | Camel Scout ×5 |
| 16:41 | Create | Camel Scout ×5 |
| 16:42 | Create | Camel Scout ×5 |
| 18:00 | Create | Camel Scout |
| 18:00 | Create | Camel Scout ×5 |
| 18:00 | Create | Camel Scout ×5 |
| 18:01 | Create | Camel Scout ×5 |
| 18:01 | Create | Camel Scout ×5 |
| 18:01 | Create | Camel Scout ×5 |
| 18:01 | Create | Camel Scout ×5 |
| 18:02 | Create | Camel Scout ×5 |
| 18:02 | Create | Camel Scout ×5 |
| 18:29 | Create | Camel Scout ×5 |
| 18:30 | Create | Camel Scout ×5 |
| 18:30 | Create | Camel Scout ×5 |
| 18:30 | Create | Camel Scout ×5 |
| 18:30 | Create | Camel Scout ×5 |
| 18:30 | Create | Camel Scout ×5 |
| 18:34 | Build | Stable |
| 18:35 | Build | Stable |
| 18:36 | Build | Stable |
| 18:38 | Build | Stable |
Build order — [0sV]Holmes_
First 150 of 230 actions detected
| 3:35 | Build | Archery Range |
| 3:37 | Build | Archery Range |
| 3:39 | Build | Archery Range |
| 3:42 | Build | Archery Range |
| 5:43 | Build | Archery Range |
| 5:46 | Build | Archery Range |
| 5:46 | Build | Archery Range |
| 5:47 | Build | Archery Range |
| 5:47 | Build | Archery Range |
| 5:48 | Build | Archery Range |
| 5:48 | Build | Archery Range |
| 5:49 | Build | Archery Range |
| 5:49 | Build | Archery Range |
| 5:50 | Build | Archery Range |
| 5:50 | Build | Archery Range |
| 6:24 | Build | Archery Range |
| 6:27 | Build | Archery Range |
| 6:29 | Build | Archery Range |
| 6:29 | Build | Archery Range |
| 6:30 | Build | Archery Range |
| 6:31 | Build | Archery Range |
| 6:32 | Build | Archery Range |
| 6:33 | Build | Archery Range |
| 8:11 | Research | Chain Mail Armor |
| 8:11 | Research | Chain Mail Armor |
| 8:11 | Research | Leather Archer Armor |
| 8:12 | Research | Leather Archer Armor |
| 8:12 | Research | Bodkin Arrow |
| 8:14 | Research | Ballistics |
| 8:15 | Research | Treadmill Crane |
| 8:15 | Research | Treadmill Crane |
| 8:16 | Research | Tech 909 |
| 8:17 | Research | Tech 908 |
| 8:17 | Research | Careening |
| 8:17 | Research | Careening |
| 8:28 | Create | Bolas Rider ×5 |
| 8:28 | Create | Bolas Rider ×5 |
| 8:28 | Create | Bolas Rider ×5 |
| 8:29 | Create | Bolas Rider ×5 |
| 8:29 | Create | Bolas Rider ×5 |
| 8:29 | Create | Bolas Rider ×5 |
| 8:30 | Create | Bolas Rider ×5 |
| 8:30 | Create | Bolas Rider ×5 |
| 8:30 | Create | Bolas Rider ×5 |
| 8:30 | Create | Bolas Rider ×5 |
| 8:31 | Create | Bolas Rider ×5 |
| 8:31 | Create | Bolas Rider ×5 |
| 8:31 | Create | Bolas Rider ×5 |
| 8:32 | Create | Bolas Rider ×5 |
| 8:32 | Create | Bolas Rider ×5 |
| 8:32 | Create | Bolas Rider ×5 |
| 8:33 | Create | Bolas Rider ×5 |
| 8:33 | Create | Bolas Rider ×5 |
| 8:34 | Create | Bolas Rider ×5 |
| 8:34 | Create | Bolas Rider ×5 |
| 8:34 | Create | Bolas Rider ×5 |
| 8:35 | Create | Bolas Rider ×5 |
| 8:35 | Create | Bolas Rider ×5 |
| 8:36 | Create | Bolas Rider ×5 |
| 8:36 | Create | Bolas Rider ×5 |
| 8:36 | Create | Bolas Rider ×5 |
| 8:37 | Create | Bolas Rider ×5 |
| 9:44 | Build | Archery Range |
| 9:46 | Create | Bolas Rider ×5 |
| 9:46 | Create | Bolas Rider ×5 |
| 9:47 | Create | Bolas Rider ×5 |
| 9:47 | Create | Bolas Rider ×5 |
| 9:48 | Create | Bolas Rider ×5 |
| 9:48 | Create | Bolas Rider ×5 |
| 10:07 | Create | Bolas Rider ×5 |
| 10:07 | Create | Bolas Rider ×5 |
| 10:08 | Create | Bolas Rider ×5 |
| 10:08 | Create | Bolas Rider |
| 10:33 | Build | Archery Range |
| 10:35 | Create | Bolas Rider ×5 |
| 10:36 | Create | Bolas Rider ×5 |
| 10:36 | Create | Bolas Rider ×5 |
| 10:38 | Create | Bolas Rider ×5 |
| 10:38 | Create | Bolas Rider ×5 |
| 10:39 | Create | Bolas Rider |
| 10:39 | Create | Bolas Rider ×5 |
| 10:40 | Create | Bolas Rider ×5 |
| 11:42 | Create | Bolas Rider ×5 |
| 11:42 | Create | Bolas Rider ×5 |
| 11:43 | Create | Bolas Rider ×5 |
| 11:43 | Create | Bolas Rider ×5 |
| 11:43 | Create | Bolas Rider ×5 |
| 11:44 | Create | Bolas Rider ×5 |
| 11:44 | Create | Bolas Rider ×5 |
| 11:44 | Create | Bolas Rider ×5 |
| 11:45 | Create | Bolas Rider ×5 |
| 11:45 | Create | Bolas Rider ×5 |
| 11:46 | Create | Bolas Rider ×5 |
| 11:50 | Build | Archery Range |
| 11:51 | Build | Archery Range |
| 12:34 | Build | Archery Range |
| 12:34 | Build | Archery Range |
| 12:35 | Build | Archery Range |
| 12:35 | Build | Archery Range |
| 12:36 | Build | Archery Range |
| 12:36 | Build | Archery Range |
| 12:36 | Build | Archery Range |
| 12:37 | Build | Archery Range |
| 12:39 | Build | Archery Range |
| 12:47 | Build | Archery Range |
| 12:49 | Build | Archery Range |
| 13:42 | Create | Bolas Rider ×5 |
| 13:42 | Create | Bolas Rider ×5 |
| 13:43 | Create | Bolas Rider ×5 |
| 13:43 | Create | Bolas Rider ×5 |
| 13:43 | Create | Bolas Rider ×5 |
| 13:44 | Create | Bolas Rider ×5 |
| 13:44 | Create | Bolas Rider ×5 |
| 13:45 | Create | Bolas Rider ×5 |
| 13:45 | Create | Bolas Rider ×5 |
| 13:46 | Create | Bolas Rider ×5 |
| 13:46 | Create | Bolas Rider ×5 |
| 13:47 | Create | Bolas Rider ×5 |
| 13:47 | Create | Bolas Rider ×5 |
| 13:48 | Create | Bolas Rider ×5 |
| 13:48 | Create | Bolas Rider ×5 |
| 13:48 | Create | Bolas Rider ×5 |
| 13:49 | Create | Bolas Rider ×5 |
| 13:49 | Create | Bolas Rider ×5 |
| 13:49 | Create | Bolas Rider ×5 |
| 14:09 | Build | Archery Range |
| 14:35 | Create | Bolas Rider ×5 |
| 14:35 | Create | Bolas Rider ×5 |
| 14:35 | Create | Bolas Rider ×5 |
| 14:36 | Create | Bolas Rider ×5 |
| 14:36 | Create | Bolas Rider ×5 |
| 14:37 | Create | Bolas Rider ×5 |
| 14:37 | Create | Bolas Rider ×5 |
| 14:37 | Create | Bolas Rider ×5 |
| 14:38 | Create | Bolas Rider ×5 |
| 14:38 | Create | Bolas Rider ×5 |
| 14:38 | Create | Bolas Rider ×5 |
| 14:39 | Create | Bolas Rider ×5 |
| 14:39 | Create | Bolas Rider ×5 |
| 14:39 | Create | Bolas Rider ×5 |
| 14:40 | Create | Bolas Rider ×5 |
| 14:40 | Create | Bolas Rider ×5 |
| 14:41 | Create | Bolas Rider ×3 |
| 15:23 | Create | Bolas Rider ×5 |
| 15:24 | Create | Bolas Rider ×5 |
| 15:24 | Create | Bolas Rider ×5 |
| 15:24 | Create | Bolas Rider ×5 |
| 15:25 | Create | Bolas Rider ×5 |
| 15:26 | Create | Bolas Rider ×5 |
| 15:26 | Create | Bolas Rider ×5 |
Build order — [xCs]Bek
11 actions detected in the replay
| 14:26 | Research | Chain Mail Armor |
| 14:27 | Research | Iron Casting |
| 14:28 | Research | Ballistics |
| 14:29 | Research | Treadmill Crane |
| 14:29 | Research | Yasama |
| 15:03 | Research | Bodkin Arrow |
| 15:03 | Research | Leather Archer Armor |
| 15:04 | Research | Chain Barding Armor |
| 15:05 | Research | Tech 908 |
| 15:06 | Research | Careening |
| 15:06 | Research | Guard Tower (upgrade) |
Build order — Al3tas0
118 actions detected in the replay
| 11:04 | Research | Bodkin Arrow |
| 11:04 | Research | Bodkin Arrow |
| 11:04 | Research | Iron Casting |
| 11:05 | Research | Chain Barding Armor |
| 11:06 | Research | Chain Mail Armor |
| 11:06 | Research | Chain Mail Armor |
| 11:08 | Research | Eupseong |
| 11:08 | Research | Eupseong |
| 11:10 | Research | Ballistics |
| 11:10 | Research | Ballistics |
| 11:12 | Research | Treadmill Crane |
| 11:12 | Research | Treadmill Crane |
| 13:42 | Build | Barracks |
| 13:43 | Build | Barracks |
| 13:44 | Build | Barracks |
| 13:45 | Build | Barracks |
| 14:09 | Build | Archery Range |
| 14:10 | Build | Archery Range |
| 14:12 | Build | Archery Range |
| 14:13 | Build | Archery Range |
| 14:15 | Build | Archery Range |
| 14:16 | Build | Archery Range |
| 14:22 | Build | Barracks |
| 14:23 | Build | Barracks |
| 14:25 | Build | Barracks |
| 15:41 | Research | Pikeman (upgrade) |
| 15:42 | Research | Long Swordsman (upgrade) |
| 15:42 | Research | Long Swordsman (upgrade) |
| 15:43 | Research | Gambesons |
| 15:43 | Research | Gambesons |
| 15:44 | Research | Squires |
| 15:44 | Research | Squires |
| 15:44 | Research | Arson |
| 15:45 | Research | Arson |
| 15:49 | Research | Crossbowman (upgrade) |
| 15:50 | Research | Elite Skirmisher (upgrade) |
| 15:51 | Research | Elite Skirmisher (upgrade) |
| 16:37 | Create | Cavalry Archer ×5 |
| 16:38 | Create | Cavalry Archer ×5 |
| 16:38 | Create | Cavalry Archer ×5 |
| 16:38 | Create | Cavalry Archer ×5 |
| 16:38 | Create | Cavalry Archer ×5 |
| 16:39 | Create | Cavalry Archer ×5 |
| 16:39 | Create | Cavalry Archer ×5 |
| 16:39 | Create | Cavalry Archer ×5 |
| 16:40 | Create | Cavalry Archer ×5 |
| 16:40 | Create | Cavalry Archer ×5 |
| 17:32 | Create | Cavalry Archer ×5 |
| 17:33 | Create | Cavalry Archer ×5 |
| 17:33 | Create | Cavalry Archer ×5 |
| 17:33 | Create | Cavalry Archer ×5 |
| 17:34 | Create | Cavalry Archer ×5 |
| 17:34 | Create | Cavalry Archer ×5 |
| 17:34 | Create | Cavalry Archer ×5 |
| 17:34 | Create | Cavalry Archer |
| 17:39 | Create | Fire Lancer ×5 |
| 17:39 | Create | Fire Lancer ×5 |
| 17:39 | Create | Fire Lancer |
| 17:39 | Create | Fire Lancer |
| 17:40 | Create | Fire Lancer |
| 17:40 | Create | Fire Lancer |
| 17:40 | Create | Fire Lancer |
| 17:41 | Create | Fire Lancer |
| 17:41 | Create | Fire Lancer ×5 |
| 17:41 | Create | Fire Lancer ×5 |
| 17:42 | Create | Fire Lancer ×5 |
| 17:42 | Create | Fire Lancer |
| 17:49 | Build | Barracks |
| 17:51 | Build | Barracks |
| 17:53 | Build | Barracks |
| 17:55 | Build | Barracks |
| 18:02 | Create | Fire Lancer ×5 |
| 18:02 | Create | Fire Lancer ×5 |
| 18:02 | Create | Fire Lancer ×5 |
| 18:03 | Create | Fire Lancer ×5 |
| 18:03 | Create | Fire Lancer ×5 |
| 18:03 | Create | Fire Lancer ×5 |
| 18:31 | Create | Cavalry Archer ×5 |
| 18:31 | Create | Cavalry Archer ×5 |
| 18:32 | Create | Cavalry Archer ×5 |
| 18:32 | Create | Cavalry Archer ×5 |
| 18:32 | Create | Cavalry Archer ×5 |
| 18:33 | Create | Cavalry Archer ×5 |
| 18:33 | Create | Cavalry Archer ×3 |
| 18:39 | Create | Fire Lancer ×5 |
| 18:39 | Create | Fire Lancer ×5 |
| 18:39 | Create | Fire Lancer ×5 |
| 18:40 | Create | Fire Lancer |
| 18:40 | Create | Fire Lancer |
| 18:40 | Create | Fire Lancer ×5 |
| 18:41 | Create | Fire Lancer ×5 |
| 18:41 | Create | Fire Lancer ×5 |
| 18:41 | Create | Fire Lancer ×5 |
| 18:42 | Create | Fire Lancer ×5 |
| 18:42 | Create | Fire Lancer ×5 |
| 18:48 | Build | Stable |
| 18:48 | Build | Stable |
| 18:48 | Build | Stable |
| 18:49 | Build | Stable |
| 18:49 | Build | Stable |
| 18:49 | Build | Stable |
| 18:50 | Build | Stable |
| 18:50 | Build | Stable |
| 18:50 | Build | Stable |
| 18:51 | Build | Stable |
| 18:51 | Build | Stable |
| 18:51 | Build | Stable |
| 18:52 | Build | Stable |
| 18:52 | Build | Stable |
| 18:52 | Build | Stable |
| 19:18 | Create | Fire Lancer ×5 |
| 19:19 | Create | Fire Lancer ×5 |
| 19:19 | Create | Fire Lancer ×5 |
| 19:19 | Create | Fire Lancer ×5 |
| 19:19 | Create | Fire Lancer ×5 |
| 19:20 | Create | Fire Lancer ×5 |
| 19:20 | Create | Fire Lancer ×5 |
| 19:21 | Create | Fire Lancer ×5 |
Build order — [3xT]Cas_
86 actions detected in the replay
| 8:02 | Build | Archery Range |
| 8:03 | Build | Archery Range |
| 8:05 | Build | Archery Range |
| 8:17 | Build | Archery Range |
| 8:18 | Build | Archery Range |
| 9:53 | Build | Archery Range |
| 10:23 | Build | Archery Range |
| 10:39 | Build | Archery Range |
| 10:40 | Build | Archery Range |
| 10:43 | Build | Archery Range |
| 11:31 | Build | Archery Range |
| 11:33 | Build | Archery Range |
| 11:34 | Build | Archery Range |
| 11:36 | Build | Archery Range |
| 11:36 | Build | Archery Range |
| 11:58 | Build | Stable |
| 12:20 | Build | Archery Range |
| 12:22 | Build | Archery Range |
| 12:23 | Build | Archery Range |
| 12:26 | Build | Archery Range |
| 12:27 | Build | Archery Range |
| 12:29 | Build | Archery Range |
| 13:30 | Build | Stable |
| 13:31 | Build | Stable |
| 14:58 | Build | Archery Range |
| 14:59 | Build | Archery Range |
| 15:12 | Research | Bloodlines |
| 15:52 | Research | Bodkin Arrow |
| 15:53 | Research | Leather Archer Armor |
| 15:53 | Research | Chain Mail Armor |
| 15:54 | Research | Chain Barding Armor |
| 15:55 | Research | Ballistics |
| 15:57 | Research | Szlachta Privileges |
| 15:59 | Research | Treadmill Crane |
| 16:02 | Research | Thumb Ring |
| 16:03 | Create | Cavalry Archer ×5 |
| 16:03 | Create | Cavalry Archer ×5 |
| 16:03 | Create | Cavalry Archer ×5 |
| 16:03 | Create | Cavalry Archer ×5 |
| 16:04 | Create | Cavalry Archer ×5 |
| 16:04 | Create | Cavalry Archer ×5 |
| 16:04 | Create | Cavalry Archer ×5 |
| 16:05 | Create | Cavalry Archer ×5 |
| 16:05 | Create | Cavalry Archer ×5 |
| 16:45 | Research | Husbandry |
| 16:51 | Create | Cavalry Archer ×5 |
| 16:51 | Create | Cavalry Archer ×5 |
| 16:52 | Create | Cavalry Archer ×5 |
| 16:59 | Create | Cavalry Archer ×5 |
| 17:00 | Create | Cavalry Archer ×5 |
| 17:00 | Create | Cavalry Archer ×5 |
| 17:00 | Create | Cavalry Archer ×5 |
| 17:01 | Create | Cavalry Archer ×5 |
| 17:01 | Create | Cavalry Archer ×5 |
| 17:01 | Create | Cavalry Archer ×5 |
| 17:02 | Create | Cavalry Archer ×5 |
| 17:02 | Create | Cavalry Archer ×5 |
| 17:02 | Create | Cavalry Archer ×5 |
| 17:03 | Create | Cavalry Archer ×5 |
| 17:03 | Create | Cavalry Archer ×5 |
| 17:03 | Create | Cavalry Archer ×5 |
| 17:04 | Create | Cavalry Archer ×5 |
| 17:11 | Create | Knight ×5 |
| 17:12 | Create | Knight ×5 |
| 17:12 | Create | Knight ×5 |
| 17:39 | Create | Cavalry Archer ×5 |
| 17:39 | Create | Cavalry Archer ×5 |
| 17:40 | Create | Cavalry Archer ×5 |
| 17:40 | Create | Cavalry Archer ×5 |
| 17:40 | Create | Cavalry Archer ×5 |
| 17:40 | Create | Cavalry Archer ×5 |
| 17:41 | Create | Cavalry Archer ×5 |
| 17:41 | Create | Cavalry Archer ×5 |
| 17:41 | Create | Cavalry Archer ×5 |
| 17:42 | Create | Cavalry Archer ×5 |
| 17:59 | Create | Cavalry Archer ×5 |
| 17:59 | Create | Cavalry Archer ×5 |
| 18:00 | Create | Cavalry Archer ×5 |
| 18:00 | Create | Cavalry Archer ×5 |
| 18:00 | Create | Cavalry Archer ×5 |
| 18:26 | Create | Cavalry Archer ×5 |
| 18:26 | Create | Cavalry Archer ×5 |
| 18:56 | Create | Cavalry Archer ×5 |
| 18:56 | Create | Cavalry Archer ×5 |
| 18:56 | Create | Cavalry Archer ×5 |
| 18:57 | Create | Cavalry Archer ×5 |
Build order — veni
47 actions detected in the replay
| 14:06 | Build | Stable |
| 14:07 | Build | Stable |
| 14:10 | Build | Stable |
| 14:30 | Build | Stable |
| 14:31 | Build | Stable |
| 14:34 | Build | Stable |
| 14:47 | Build | Stable |
| 14:48 | Build | Stable |
| 15:16 | Research | Bloodlines |
| 16:15 | Build | Stable |
| 16:49 | Build | Stable |
| 16:50 | Build | Stable |
| 16:51 | Build | Stable |
| 16:51 | Build | Stable |
| 16:54 | Build | Stable |
| 16:55 | Build | Stable |
| 16:57 | Build | Stable |
| 18:35 | Research | Bodkin Arrow |
| 18:38 | Research | Chain Barding Armor |
| 18:39 | Research | Iron Casting |
| 18:41 | Research | Treadmill Crane |
| 18:41 | Research | Treadmill Crane |
| 18:45 | Research | Husbandry |
| 18:46 | Create | Unit 1944 ×5 |
| 18:46 | Create | Unit 1944 ×5 |
| 18:46 | Create | Unit 1944 ×5 |
| 18:46 | Create | Unit 1944 ×5 |
| 18:47 | Create | Unit 1944 ×5 |
| 18:47 | Create | Unit 1944 ×5 |
| 18:48 | Create | Unit 1944 ×5 |
| 18:48 | Create | Unit 1944 ×5 |
| 18:48 | Create | Unit 1944 ×5 |
| 18:48 | Create | Unit 1944 ×5 |
| 18:49 | Create | Unit 1944 ×5 |
| 18:49 | Create | Unit 1944 ×5 |
| 18:56 | Build | Stable |
| 18:58 | Build | Stable |
| 18:59 | Build | Stable |
| 19:00 | Build | Stable |
| 19:01 | Build | Stable |
| 19:02 | Create | Unit 1944 ×5 |
| 19:02 | Create | Unit 1944 ×5 |
| 19:03 | Create | Unit 1944 ×5 |
| 19:03 | Create | Unit 1944 ×5 |
| 19:03 | Create | Unit 1944 ×5 |
| 19:04 | Create | Unit 1944 ×5 |
| 19:04 | Create | Unit 1944 ×5 |
Match timeline
| 3:35 | [0sV]Holmes_ · first_building Archery Range |
| 3:56 | [3xT]®NAVI · first_building Stable |
| 5:03 | [0sV]Wents · first_building Stable |
| 6:07 | [0sV]Wents · wall_segment Stone Wall x12 |
| 6:55 | [3xT]®NAVI · wall_segment Stone Wall x4 |
| 7:44 | [3xT]®NAVI · wall_segment Stone Wall x1 |
| 8:02 | [3xT]Cas_ · first_building Archery Range |
| 8:56 | [3xT]®NAVI · wall_segment Stone Wall x1 |
| 8:57 | [3xT]®NAVI · wall_segment Stone Wall x1 |
| 8:58 | [3xT]®NAVI · wall_segment Stone Wall x1 |
| 8:59 | [3xT]®NAVI · wall_segment Stone Wall x1 |
| 9:01 | [3xT]®NAVI · wall_segment Stone Wall x1 |
| 11:58 | [3xT]Cas_ · first_building Stable |
| 13:42 | Al3tas0 · first_building Barracks |
| 14:06 | veni · first_building Stable |
| 14:09 | Al3tas0 · first_building Archery Range |
| 16:04 | [0sV]Holmes_ · first_building Siege Workshop |
| 18:00 | [0sV]Holmes_ · wall_segment Stone Wall x1 |
| 18:02 | [0sV]Holmes_ · wall_segment Stone Wall x1 |
| 18:04 | [0sV]Holmes_ · wall_segment Stone Wall x1 |
| 18:45 | [xCs]Bek · resign |
| 18:48 | Al3tas0 · first_building Stable |
[ AI ANALYSIS · 1 CREDIT ]
What really happened in this match?
Wolo.gg analyzes every decision: build order, eco, micro, common mistakes by bracket. Personalized analysis on WhatsApp or Discord in 30 seconds.
Civ guide
Burmese
Perfil
Jugador #505854